 Dungeon Crawl Stone Soup version 0.28-b1-1-g3c77fb2ed1 (webtiles) character file.

Game seed: 5034979524907610672

19 mightbedylan the Conjurer (level 2, 0/19 HPs)
             Began as a Human Conjurer on Jan 30, 2022.
             Slain by a rat (1 damage)
             ... on level 1 of the Dungeon.
             The game lasted 00:03:28 (820 turns).

mightbedylan the Conjurer (Human Conjurer)           Turns: 820, Time: 00:03:29

Health: 0/19       AC:  2    Str:  7    XL:     2   Next: 95%
Magic:  0/5        EV:  9    Int: 18    God:
Gold:   9          SH:  0    Dex: 11    Spells: 2/5 levels left

rFire   . . .      SeeInvis .   c - +0 dagger
rCold   . . .      Faith    .   (no shield)
rNeg    . . .      Spirit   .   a - +0 robe
rPois   .          Reflect  .   (no helmet)
rElec   .          Harm     .   (no cloak)
rCorr   .          Rampage  .   (no gloves)
Will    .....                   (no boots)
Stlth   ++........              (no amulet)
HPRegen 0.06/turn               (no ring)
MPRegen 0.09/turn               (no ring)

@: constricted
A: no striking features
a: no special abilities


You were on level 1 of the Dungeon.
You visited 1 branch of the dungeon, and saw 1 of its levels.

You collected 9 gold pieces.

Inventory:

Hand Weapons
 c - a +0 dagger (weapon)
Armour
 a - a +0 robe (worn)
Scrolls
 d - a scroll of blinking {unknown}
 e - a scroll of noise {unknown}
Potions
 b - a potion of flight {unknown}


   Skills:
 + Level 2.3 Dodging
 + Level 2.3 Stealth
 + Level 2.2 Spellcasting
 + Level 4.1 Conjurations


You had 2 spell levels left.
You knew the following spells:

 Your Spells              Type           Power      Damage    Failure   Level
a - Magic Dart            Conj           68%        1d6       3%          1
b - Searing Ray           Conj           34%        2d5       4%          2

Your spell library contained the following spells:

 Spells                   Type           Power      Damage    Failure   Level
 Dazzling Flash           Conj/Hex       18%        N/A       22%         3
 Fulminant Prism          Conj/Hex       4%         3d6       58%         4
 Iskenderun's Mystic Bla  Conj/Tloc      9%         2d4       58%         4


Dungeon Overview and Level Annotations

Branches:
Dungeon (1/15)

Altars:


Message History

Press: ? - help, Shift-Dir - straight line, f - frilled lizard
Aim: a frilled lizard (100% to hit)
The magic dart hits the frilled lizard.
You kill the frilled lizard!
An endoplasm and a ball python come into view.
A goblin comes into view. It is wielding a +0 dagger.
The endoplasm moves out of view.
You see here a quokka corpse.
Found a robe.
The rat bites you.
You barely miss the rat. The rat misses you.
The kobold throws a stone.
The stone hits you. The rat bites you.
The kobold throws a stone.
The stone hits you but does no damage. The goblin closely misses you.
The ball python bites you but does no damage.
The ball python grabs you. The ball python constricts you.
You escape the ball python's grasp.
Okay, then.
A hobgoblin comes into view.
The rat barely misses you. The ball python barely misses you.
The ball python grabs you. The ball python constricts you.
Casting: Magic Dart (safe; 3% risk of failure)
Confirm with . or Enter, or press ? or * to list all spells.
Aiming: Magic Dart (safe; 3% risk of failure)
Press: ? - help, Shift-Dir - straight line, f - rat
Aim: a rat (100% to hit)
The magic dart hits the rat.
The rat is severely wounded.
The hobgoblin shouts!
You hear an angry hiss.
The ball python bites you.
* * * LOW HITPOINT WARNING * * *
The ball python constricts you.
* * * LOW HITPOINT WARNING * * *
The rat barely misses you.
The kobold throws a stone.
The stone hits you.
* * * LOW HITPOINT WARNING * * *
It was a potion of cancellation.
You feel magically purged. The ball python bites you.
* * * LOW HITPOINT WARNING * * *
The ball python constricts you. The rat bites you.
You die...

#..........
#..........
#..........
#....g.....#
#..........#
#..........#...##. .
#..........#.....###
#..@.......#......#.
#..SrK..............
###..g[.......#†......
#............##.†.....
#.....................
#...##......†)........
#... #...#.....†..####
#.........#......## #
#.........##.....#


You could see a hobgoblin, a goblin, a ball python, a kobold and a rat.

Vanquished Creatures
  2 bats (D:1)
  2 giant cockroaches (D:1)
  3 hobgoblins (D:1)
  2 kobolds (D:1)
  A quokka (D:1)
  3 ball pythons (D:1)
  3 frilled lizards (D:1)
  2 rats (D:1)
18 creatures vanquished.

Notes
Turn   | Place    | Note
-------+----------+-------------------------------------------
     0 | D:1      | mightbedylan the Human Conjurer began the quest for the
                  | Orb.
     0 | D:1      | Reached XP level 1. HP: 13/13 MP: 3/3
   272 | D:1      | Reached XP level 2. HP: 11/19 MP: 5/5
   791 | D:1      | Learned a level 2 spell: Searing Ray
   820 | D:1      | Slain by a rat

Illustrated notes

Levels and vault maps discovered:
D:1:      psy_arrival_conway, layout_basic, kennysheep_decorative_pillar

Action                   || total
-------------------------++-------
Melee: Unarmed           ||    21
       Punch             ||     1
       Dagger            ||    15
 Cast: Magic Dart        ||    22
       Searing Ray       ||     1
  Use: Potion            ||     1
Armor: Robe              ||     9
Dodge: Dodged            ||    30
